Match 40925569
Unlisted

Match 40925569
End
Scout Squad
Construct Barracks
Engineer Squad
Selects Advanced Infantry Battlegroup
Riflemen Squad
Riflemen Squad
Grenade Package
Construct Medical Station
Selects Artillery Observers
ReZuRrEcT
Beanie Beans
Wolfenhammer2000
Mike
Keller.Kind I503
SKYHAMMER GAMES
cannot compute
Slugmeat
0
0

Comments sign in to comment!

No comments posted yet!